 Dungeon Crawl Stone Soup version 0.27-a0-328-g7f782ed93a (webtiles) character file.

Game seed: 13235807994843505117

598 tzalcoatl the Firebug (level 7, -6/60 HPs)
             Began as a Hill Orc Wanderer on Feb 11, 2021.
             Mangled by an iguana (8 damage)
             ... on level 4 of the Dungeon on Feb 12, 2021.
             The game lasted 00:33:50 (7662 turns).

tzalcoatl the Firebug (Hill Orc Wanderer)           Turns: 7662, Time: 00:33:50

Health: -6/60      AC:  6    Str: 17    XL:     7   Next: 40%
Magic:  6/8        EV: 11    Int: 11    God:
Gold:   299        SH:  0    Dex: 11    Spells: 7/8 levels left

rFire    . . .     SeeInvis .   i - +0 dagger (freeze)
rCold    . . .     Faith    .   (no shield)
rNeg     . . .     Spirit   .   e - +0 robe
rPois    .         Reflect  .   (no helmet)
rElec    .         Harm     .   m - +0 cloak
rCorr    .         Rampage  .   v - +2 pair of gloves
Will     +....                  (no boots)
Stlth    +.........             (no amulet)
HPRegen  0.20/turn              r - ring of willpower
MPRegen  0.11/turn              (no ring)

@: attractive
A: no striking features
a: no special abilities


You were on level 4 of the Dungeon.
You visited 1 branch of the dungeon, and saw 5 of its levels.

You collected 299 gold pieces.

Inventory:

Hand Weapons
 a - a +0 hand axe
 b - a +4 dagger
 i - a +0 dagger of freezing (weapon)
 q - a +0 trident of freezing
 w - a +0 war axe of pain
Missiles
 p - 14 boomerangs (quivered)
 x - 3 boomerangs of dispersal
Armour
 e - a +0 robe (worn)
 h - a +0 ring mail
 m - a +0 cloak (worn)
 v - a +2 pair of gloves (worn)
Jewellery
 r - a ring of willpower (left hand)
Wands
 t - a wand of iceblast (8)
 u - a wand of flame (17)
Scrolls
 f - a scroll of enchant armour {unknown}
 g - a scroll of immolation {unknown}
 l - 2 scrolls of magic mapping
 o - 2 scrolls of amnesia {unknown}
 s - a scroll of random uselessness {unknown}
Potions
 j - a potion of flight
 k - a potion of resistance
 z - a potion of curing


   Skills:
 + Level 4.4 Fighting
 - Level 2.0 Axes
 - Level 1.0 Throwing
 + Level 3.5 Armour
 - Level 1.1 Shields
 - Level 1.0 Spellcasting
 - Level 1.0 Hexes
 - Level 4.0 Summonings
 - Level 1.0 Translocations
 * Level 5.7 Fire Magic
 - Level 1.0 Poison Magic


You had 7 spell levels left.
You knew the following spells:

 Your Spells              Type           Power        Failure   Level
a - Foxfire               Conj/Fire      24%          10%         1

Your spell library contained the following spells:

 Spells                   Type           Power        Failure   Level
 Blink                    Tloc           N/A          32%         2
 Ignite Poison            Fire/Tmut/Pois 5%           36%         3
 Gell's Gravitas          Tloc           1%           54%         3
 Lesser Beckoning         Tloc           1%           54%         3
 Teleport Other           Tloc           2%           54%         3
 Passage of Golubria      Tloc           N/A          91%         4


Dungeon Overview and Level Annotations

Branches:
Dungeon (5/15)
 Temple: D:4-7

Altars:
Ashenzari
Cheibriados
Kikubaaqudgha
Nemelex Xobeh
Uskayaw


Message History

Throw: 14 boomerangs
Press: ? - help, Q - select action, (/) - cycle Shift-Dir - straight line, f/p - Edmund
Aim: Edmund, wielding a +4 vorpal flail and wearing a +0 ring mail (severely wounded, very poisoned, 61% to hit)
You throw a boomerang. The boomerang hits Edmund.
Edmund is almost dead.
Edmund hits you with a +4 vorpal flail.
* * * LOW HITPOINT WARNING * * *
x2 It was a potion of attraction.
You feel attractive to monsters. Edmund misses you.
The centaur is pulled toward you! The centaur is pulled toward you!
You kill Edmund!
The iguana is pulled toward you! The centaur is pulled toward you!
You see here a +3 trident.
There is a stone staircase leading up, spattered with blood here.
The iguana bites you!
* * * LOW HITPOINT WARNING * * *
The centaur is pulled toward you!
You climb upwards.
There is a stone staircase leading down, spattered with blood here.
Okay, then.
Throw: 14 boomerangs
Press: ? - help, Q - select action, (/) - cycle Shift-Dir - straight line, f - iguana
Aim: an iguana (moderately wounded, 61% to hit)
Okay, then.
As you read the scroll of fear, it crumbles to dust.
You assume a fearsome visage.
The iguana looks frightened!
The iguana is pulled toward you!
Casting: Foxfire (safe; 10% risk of failure)
Confirm with . or Enter, or press ? or * to list all spells.
You conjure some foxfire!
The iguana is pulled toward you!
Your foxfire dissipates!
The foxfire hits the iguana but does no damage.
The iguana is moderately wounded.
Your attack snaps the iguana out of its fear.
Casting: Foxfire (safe; 10% risk of failure)
Confirm with . or Enter, or press ? or * to list all spells.
You conjure some foxfire!
The iguana bites you!
You die...

#.....###.#............# #.#
#..##.##..##...^..#..#.# #.#
#.#.#.#.#.###..###..##.# #.#
#.##...........##...##.###.#
#.###.###.###..##.....#....#
#.#######.###'##.#.....##.##
#........(##...#..#...###.#
#.#########..v.#...#..##..##
#.#.## ##...v@#####.....#.#
###....####....[l#...#.#...#.####
........(.'......#..#...#..#....(
.##....####......#.#.....#.######
.##.#..# ##.....##.......##
.##.##.# ##....#.....####
.#...#.# ##...##.......##
.##.##.# ##'##.#.....#.# .##.##)#
##.##..#...#..#


You could see an iguana.

Vanquished Creatures
  Edmund (D:5)
  An ogre (D:4)
  4 orc wizards (D:4)
  3 worker ants
  A hound skeleton (D:4)
  5 adders
  A shadow imp (D:5)
  A white imp (D:5)
  2 oozes
  4 worms
  3 dart slugs
  5 leopard geckos
  19 orcs
  2 bat zombies (D:4)
  8 giant cockroaches
  8 goblins
  4 hobgoblins
  5 jackals
  14 kobolds
  2 quokkas
  2 ball pythons
  11 bats
  2 frilled lizards
  7 rats
  A rat zombie (D:4)
116 creatures vanquished.

Vanquished Creatures (others)
  183 foxfires
183 creatures vanquished.

Grand Total: 299 creatures vanquished

Notes
Turn   | Place    | Note
-------+----------+-------------------------------------------
     0 | D:1      | tzalcoatl the Hill Orc Wanderer began the quest for the
                  | Orb.
     0 | D:1      | tzalcoatl set off with the following items: a +0 dagger, 10
                  | poisoned darts, a +0 robe; and the following spell
                  | memorised: Foxfire; and the following spells available to
                  | memorise: Blink, Gell's Gravitas, Lesser Beckoning,
                  | Teleport Other, Ignite Poison, Passage of Golubria
     0 | D:1      | Reached XP level 1. HP: 14/14 MP: 2/2
   283 | D:1      | Reached skill level 1 in Fighting
   388 | D:1      | Reached skill level 1 in Fire Magic
   388 | D:1      | Reached XP level 2. HP: 20/23 MP: 0/3
   843 | D:1      | Reached XP level 3. HP: 26/29 MP: 0/4
   983 | D:1      | Reached skill level 2 in Fire Magic
  1592 | D:2      | Found a snail-covered altar of Cheibriados.
  1736 | D:2      | Reached skill level 1 in Armour
  1738 | D:2      | Reached XP level 4. HP: 26/36 MP: 5/5
  1949 | D:2      | Reached skill level 1 in Axes
  3237 | D:3      | Found a broken altar of Ashenzari.
  3281 | D:3      | Reached skill level 3 in Fire Magic
  3745 | D:3      | Reached XP level 5. HP: 38/42 MP: 4/6
  4710 | D:3      | Upgraded the game from 0.27-a0-323-gbd089401bb to
                  | 0.27-a0-328-g7f782ed93a
  4908 | D:4      | Found an ancient bone altar of Kikubaaqudgha.
  4994 | D:4      | Noticed an ogre
  5180 | D:4      | Killed an ogre
  5181 | D:4      | Reached skill level 4 in Fire Magic
  5181 | D:4      | Reached XP level 6. HP: 51/51 MP: 7/7
  5306 | D:4      | Found a snail-covered altar of Cheibriados.
  5477 | D:4      | Found a hide-covered altar of Uskayaw.
  5992 | D:4      | Found a sparkling altar of Nemelex Xobeh.
  6544 | D:5      | Entered Level 5 of the Dungeon
  6604 | D:4      | Reached skill level 5 in Fire Magic
  6884 | D:4      | Reached XP level 7. HP: 53/59 MP: 1/8
  7488 | D:5      | Noticed Edmund
  7652 | D:5      | Killed Edmund
  7657 | D:5      | HP: 1/60 [iguana (10)]
  7662 | D:4      | Mangled by an iguana

Illustrated notes

Levels and vault maps discovered:
D:1:      onia_arrival_pentagram, layout_basic, serial_bayou_pond_b
D:2:      layout_basic, kennysheep_slug_shrine
D:3:      layout_loops_ring, lemuel_crystal_altar
D:4:      layout_loops_corners, lemuel_zombie_altar_kikubaaqudgha,
          marbit_many_paths, eat_drink_and_be_merry_uskayaw,
          general_overflow_altar, minmay_misc_feat_five,
          hangedman_decor_diamond_cutter, wad_floor_pattern_1
D:5:      layout_loops_cross, nrook_mini_vaults, chequers_serial_rivers_small_b,
          chequers_serial_rivers_small_b, uniq_ijyb, uniq_edmund,
          uniq_crazy_yiuf_cottage

Skill      XL: |  1  2  3  4  5  6 |
---------------+-------------------+-----
Fighting       | 1 2 3 4 |  4.4
Fire Magic     | 1 2 3 4 5 |  5.7
Armour         | 1 2 3 |  3.5
Axes           | 1 2 |  2.0
Throwing       | |  1.0
Shields        | |  1.1
Spellcasting   | |  1.0
Hexes          | |  1.0
Summonings     | |  4.0
Translocations | |  1.0
Poison Magic   | |  1.0

Action                   |  1- 3 |  4- 6 |  7- 9 || total
-------------------------+-------+-------+-------++-------
Melee: Dagger            |    74 |   245 |    13 ||   332
Throw: Dart              |     7 |    27 |    19 ||    53
       Boomerang         |       |       |     4 ||     4
 Cast: Foxfire           |    23 |   107 |    30 ||   160
  Use: Scroll            |       |     6 |     1 ||     7
       Potion            |       |     3 |     1 ||     4
 Stab: Sleeping          |       |     2 |       ||     2
Armor: Robe              |    16 |    54 |     7 ||    77
Dodge: Dodged            |    54 |   141 |    19 ||   214

Table legend: (Time is in decaauts)
 A = Elapsed time spent in this place.
 B = Non-inter-level travel time spent in this place.
 C = Inter-level travel time spent in this place.
 D = Time resting spent in this place.
 E = Time spent auto-exploring this place.
 F = Levels seen in this place.
 G = Mean time per level.
                   A        B        C        D        E       F      G
               +--------+--------+--------+--------+--------+-----+--------+
         Total |   7682 |   7543 |    139 |   1290 |   4749 |   5 | 1536.4 |
       Dungeon |   7682 |   7543 |    139 |   1290 |   4749 |   5 | 1536.4 |
               +--------+--------+--------+--------+--------+-----+--------+

Top non-repeatable levels by time:
     D:4: 2162 daAuts
     D:2: 1835 daAuts
     D:3: 1603 daAuts
     D:1: 1368 daAuts
     D:5: 712 daAuts
